 Dungeon Crawl Stone Soup version 0.17-a0-2220-g6fea741 (webtiles) character file.

198 Raultor the Shield-Bearer (level 5, -3/28 HPs)
             Began as a Vine Stalker Fighter on Oct 28, 2015.
             Killed by nerve-wracking pain
             ... invoked by Grinder
              (7 damage)
             ... on level 3 of the Dungeon.
             The game lasted 00:09:27 (2421 turns).

Raultor the Shield-Bearer (Vine Stalker Fighter)    Turns: 2421, Time: 00:09:27

Health: -3/28      AC:  9    Str: 19    XL:     5   Next: 76%
Magic:  0/6        EV:  7    Int:  8    God:
Gold:   140        SH:  9    Dex: 14    Spells: 0 memorised, 4 levels left

rFire  . . .     SeeInvis .     m - +2 dagger (venom)
rCold  . . .     Clarity  .     b - +0 scale mail
rNeg   . . .     SustAt   .     c - +0 shield
rPois  .         Gourm    .     y - +0 helmet
rElec  .         Spirit   +     (no cloak)
rCorr  .         Warding  .     w - +0 pair of gloves (curse)
rMut   .         Stasis   .     (no boots)
MR     .....                    (no amulet)
Stlth  ..........               (no ring)
                                (no ring)

@: not resistant to hostile enchantments, extremely unstealthy
A: fangs 2, regeneration 1, magic shield, antimagic bite, no device heal 3, rot
immunity
a: no special abilities


You were on level 3 of the Dungeon.
You were not hungry.

You visited 1 branch of the dungeon, and saw 3 of its levels.

You collected 140 gold pieces.

Inventory:

Hand Weapons
 a - a +0 rapier
 m - a +2 dagger of venom (weapon)
Missiles
 n - a throwing net (quivered)
Armour
 b - a +0 scale mail (worn)
 c - a +0 shield (worn)
 j - a +0 plate armour
 w - a cursed +0 pair of gloves (worn)
 y - a +0 helmet (worn)
Jewellery
 o - an uncursed ring of ice {unknown}
Wands
 t - a wand of flame (18)
 v - a wand of cold (8)
Scrolls
 f - 5 scrolls of remove curse {unknown}
 i - a scroll of teleportation {unknown}
 k - 5 scrolls of identify {unknown}
 l - a scroll of amnesia {unknown}
 q - a scroll of enchant armour {unknown}
Potions
 d - a potion of might
 g - a potion of invisibility {unknown}
 h - 3 potions of lignification {unknown}
 p - 2 potions of curing
 s - 2 potions of flight {unknown}
 z - a potion of poison {unknown}
Comestibles
 e - 2 bread rations
 r - a beef jerky
 u - 5 chunks of flesh
 x - a meat ration
 A - a slice of pizza


   Skills:
 + Level 3.3 Fighting
 * Level 3.1 Short Blades
 + Level 3.3 Armour
 - Level 1.0 Dodging
 + Level 3.4 Shields


You had 4 spell levels left.
You didn't know any spells.

Dungeon Overview and Level Annotations

Branches:
Dungeon (3/15)

Altars:

Annotations:
D:3 Grinder


Innate Abilities, Weirdness & Mutations

You have extremely sharp teeth.
Your natural rate of healing is unusually fast.
When hurt, damage is shared between your health and your magic reserves.
Your bite disrupts and absorbs the magic of your enemies.
Potions and wands cannot restore your health.
You are immune to rotting.


Message History

You resist with some effort. The bat hits you but does no damage.
Grinder hits you but does no damage. Grinder hits you.
You writhe in agony.
The bat hits you but does no damage. Grinder hits you but does no damage.
Grinder gestures at you. Pain shoots through your body!
* * * LOW HITPOINT WARNING * * *
The bat hits you but does no damage. The bat hits you but does no damage.
Grinder hits you but does no damage.
You can move again.
You barely miss Grinder. Your bite misses Grinder.
Grinder is moderately wounded.
You block the bat's attack. Grinder hits you but does no damage.
Grinder gestures.
Grinder blinks!
You hit the bat.
You kill the bat!
Grinder gestures at you. Pain shoots through your body!
You die...

#..................##.####
#..............#...##.#
#########....#.#..(...#
###########'##...#.####
#.........#.###..#...#
#.........#.###..#...#
#.......5.#...)......#
#.........#####).#...#
##.........)@...).....#
#...((.)...####.......#
#####..........# #..>....#
...............######.....#
#####..........#..........#
...............#........###
#####.........##........#
#.........##........#
#.........##........#


You could see Grinder.

Vanquished Creatures
  An orc priest (D:3)
  Natasha (twice) (D:2)
  Robin (D:3)
  4 adders
  A gnoll (D:1)
  A worm (D:2)
  2 orcs (D:3)
  11 bats
  4 giant cockroaches
  17 goblins
  8 hobgoblins
  A quokka (D:3)
  2 ball pythons
  A giant gecko (D:1)
  4 giant newts
  6 jackals (D:3)
  7 kobolds
  3 rats
76 creatures vanquished.

Notes
Turn   | Place    | Note
--------------------------------------------------------------
     0 | D:1      | Raultor the Vine Stalker Fighter began the quest for the Orb.
     0 | D:1      | Reached XP level 1. HP: 11/11 MP: 2/2
    92 | D:1      | Reached XP level 2. HP: 16/16 MP: 3/3
   383 | D:1      | Reached skill level 3 in Fighting
   818 | D:1      | Reached XP level 3. HP: 20/20 MP: 4/4
  1283 | D:2      | Noticed Natasha
  1288 | D:2      | Killed Natasha
  1288 | D:2      | Reached XP level 4. HP: 20/24 MP: 5/5
  1525 | D:2      | Reached skill level 1 in Dodging
  1681 | D:2      | Noticed Natasha
  1696 | D:2      | Killed Natasha
  1828 | D:3      | Reached XP level 5. HP: 22/28 MP: 4/6
  2250 | D:3      | Noticed Robin
  2307 | D:3      | Killed Robin
  2407 | D:3      | Noticed Grinder
  2412 | D:3      | Paralysed by Grinder for 7 turns
  2421 | D:3      | Killed from afar by Grinder

Vault maps used:
D:1:      dpeg_arrival_rooms_a, minmay_misc_feat_room, minmay_misc_feat_five,
          hex_tiny
D:2:      grunt_ministairs_10, uniq_natasha
D:3:      kennysheep_goblin_castle, uniq_grinder

Action                   |  1- 3 |  4- 6 || total
-------------------------+-------+-------++-------
Melee: Rapier            |    61 |       ||    61
       Dagger            |    31 |   144 ||   175
  Eat: Chunk             |     1 |     4 ||     5
